 Dungeon Crawl Stone Soup version bcrawl-1.19.2-6-g6a88ae04c9 (webtiles) character file.

Game seed: 2622714407467836469

175 Freyura the Cudgeler (level 5, 0/33 HPs)
             Began as a Gargoyle Monk on Jan 5, 2020.
             Slain by an orc wizard
             ... wielding a +4 dagger of speed
              (2 damage)
             ... on level 3 of the Dungeon.
             The game lasted 00:06:31 (2137 turns).

Freyura the Cudgeler (Gargoyle Monk)                Turns: 2137, Time: 00:06:32

Health: 0/33       AC: 13    Str: 15    XL:     5   Next: 55%
Magic:  0/6        EV: 12    Int: 10    God:
Gold:   166        SH:  0    Dex: 13    Spells: 4/4 levels left

rFire    . . .     SeeInvis .   a - +1 mace
rCold    . . .     Gourm    .   (no shield)
rNeg     + . .     Faith    .   q - +0 ring mail
rPois    ∞         Spirit   +   e - +0 helmet
rElec    +         Reflect  .   (no cloak)
rCorr    .         Harm     .   (no gloves)
MR       .....                  g - +2 pair of boots
Stlth    +.........             d - amulet of guardian spirit
HPRegen  0.11/turn              h - ring of flight
MPRegen  0.10/turn              (no ring)

@: no status effects
A: negative energy resistance 1, electricity resistance, unbreathing,
petrification resistance, rot immunity, AC +4
a: Evoke Flight


You were on level 3 of the Dungeon.
You were not hungry.

You visited 1 branch of the dungeon, and saw 4 of its levels.

You collected 166 gold pieces.

Inventory:

Hand Weapons
 a - a +1 mace (weapon)
Armour
 e - a +0 helmet (worn)
 g - a +2 pair of boots (worn)
 q - a +0 ring mail (worn)
Jewellery
 d - an amulet of guardian spirit (around neck)
 h - a ring of flight (left hand)
 r - a cursed amulet of inaccuracy {unknown}
Scrolls
 b - 2 scrolls of identify {unknown}
 j - 2 scrolls of teleportation
 k - a scroll of remove curse
 l - a scroll of fog
Potions
 c - a potion of mutation {unknown}
 i - a potion of flight
Comestibles
 f - 5 rations {!d}


   Skills:
 + Level 4.2 Fighting
 * Level 4.4 Maces & Flails
 + Level 2.2 Armour
 + Level 3.0 Dodging
 - Level 2.4 Stealth
   Level 2.1 Invocations


You had 4 spell levels left.
You didn't know any spells.
Your spell library was empty.

Dungeon Overview and Level Annotations

Branches:
Dungeon (4/12)
 Temple: D:4-7

Altars:
Okawaru


Innate Abilities, Weirdness & Mutations

You are resistant to torment.
Your stone body is resilient. (AC +4)
You are immune to poison.
You resist negative energy. (rN+)
You are resistant to electric shocks. (rElec)
You can survive without breathing.
You are immune to petrification.
You are immune to rotting.


Message History

The orc wizard is almost dead.
The orc wizard hits you but does no damage. x2
The orc wizard casts a spell at you. The puff of flame hits you!
* * * LOW HITPOINT WARNING * * *
You barely miss the orc wizard.
The orc wizard is almost dead.
The orc wizard hits you but does no damage.
The orc wizard closely misses you. The orc wizard barely misses you.
The orc wizard hits you but does no damage.
You closely miss the orc wizard.
The orc wizard is almost dead.
The orc wizard points at you and mumbles some strange words.
The magic dart hits you!
The orc wizard hits you but does no damage. x2
The orc wizard closely misses you.
You closely miss the orc wizard.
The orc wizard is almost dead.
The orc wizard hits you with a +4 dagger of speed.
You die...

#....#.......#
##+##..#.######
#....#.#.#
#....+)..#
#[...##..#
#....##..#
#....##.h#
#....###o#
###### #@# #o#
###


You could see a hound and 2 orc wizards.

Vanquished Creatures
  An orc wizard (D:3)
  A worker ant (D:4)
  Robin (D:3)
  3 adders
  2 oozes (D:2)
  2 worms
  4 dart slugs
  3 leopard geckos
  4 orcs (D:3)
  2 bats
  2 giant cockroaches
  8 goblins
  11 hobgoblins
  3 quokkas (D:3)
  2 ball pythons (D:3)
  2 frilled lizards
  6 kobolds
  5 rats
62 creatures vanquished.

Notes
Turn   | Place    | Note
-------+----------+-------------------------------------------
     0 | D:1      | Freyura the Gargoyle Monk began the quest for the Orb.
     0 | D:1      | Reached XP level 1. HP: 14/14 MP: 2/2
   120 | D:1      | Reached XP level 2. HP: 14/19 MP: 3/3
   568 | D:2      | Reached skill level 1 in Armour
   568 | D:2      | Reached XP level 3. HP: 22/23 MP: 4/4
  1107 | D:2      | Reached XP level 4. HP: 25/29 MP: 3/5
  1303 | D:3      | Noticed Robin
  1380 | D:3      | Killed Robin
  1684 | D:3      | Found an iron altar of Okawaru.
  1718 | D:3      | Reached XP level 5. HP: 21/33 MP: 3/6
  2137 | D:3      | Slain by an orc wizard

Skill      XL: |  1  2  3  4 |
---------------+-------------+-----
Armour         | 1 2 |  2.2
Maces & Flails | 4 |  4.4
Fighting       | 4 |  4.2
Dodging        | 3 |  3.0
Stealth        | |  2.4
Invocations    | |  2.1

Action                   |  1- 3 |  4- 6 || total
-------------------------+-------+-------++-------
Melee: Mace              |    91 |   124 ||   215
  Use: Scroll            |       |     6 ||     6
       Potion            |       |     4 ||     4
 Stab: Sleeping          |     6 |     2 ||     8
  Eat: Chunk             |       |     4 ||     4
Armor: Robe              |    28 |       ||    28
       Ring mail         |       |    91 ||    91
Dodge: Dodged            |    57 |   127 ||   184
